Jets vs Devils
(R2)
Created - 18 avril 2014 at 19:14
Goals
|
| Jets |
0 |
2 |
2 |
4 |
| Devils |
1 |
1 |
0 |
2 |
|
Shots
|
| Jets |
12 |
12 |
13 |
37 |
| Devils |
12 |
12 |
12 |
36 |
|
1st period
1. Devils , Ladislav Nagy 1 (Mike Komisarek) at 11:44
Penalties :
Guillaume Latendresse (NJD) for Holding Stick (Minor) at 4:38, Andrei Markov (NJD) for Cross-checking (Minor) at 16:07
2nd period
2. Devils , Patrick Eaves 1 (Guillaume Latendresse, Mike Komisarek) at 0:35
3. Jets , Kyle Wellwood 1 (Kristian Huselius, Tuomo Ruutu) at 9:27
4. Jets , Jussi Jokinen 1 (Adam Burish) at 10:28
Penalties :
Patrick Eaves (NJD) for Hooking (Minor) at 11:02, Saku Koivu (NJD) for Roughing (Minor) at 15:35, Jason Allison (Win) for Interference (Minor) at 17:09
3rd period
5. Jets , Kyle Wellwood 2 (Jussi Jokinen, Derek Roy) at 3:24 (PP)
6. Jets , Miroslav Satan 1 (Michal Rozsival, Fredrik Sjostrom) at 16:50
Penalties :
Andrei Kostitsyn (NJD) for Roughing (Double Minor) at 0:22, Saku Koivu (NJD) for Hooking (Minor) at 4:46, Mike Komisarek (NJD) for Fighting (Major) at 9:12, Eric Brewer (Win) for Fighting (Major) at 9:12, Kristian Huselius (Win) for Goalie Interference (Minor) at 12:03, Daniel Alfredsson (Win) for Holding (Minor) at 19:52
Goalie Stats
Ilya Bryzgalov (Win), 34 saves from 36 shots - (0,944), W, 1-0-0, 60:00 minutes
Dan Ellis (NJD), 33 saves from 37 shots - (0,892), L, 1-1-0, 60:00 minutes
Players Stats for Jets
Player Name G A P +/- PIM S H SB GA TA FO MP PP MP PK MP
------------------------------------------------------------------------------------
Adam Burish 0 1 1 1 0 8 2 0 0 0 1/1 13:48 0:54 0:38
Benoit Pouliot 0 0 0 -2 0 3 0 0 1 1 1/1 17:55 6:21 1:05
Daniel Alfredsson 0 0 0 -2 2 2 0 0 2 0 0/1 19:28 6:25 1:55
Derek Roy 0 1 1 1 0 1 2 1 0 0 14/29 19:34 5:48 1:04
Dmitri Kalinin 0 0 0 0 0 2 0 1 0 0 0/0 24:27 6:43 1:48
Eric Brewer 0 0 0 1 5 2 2 3 0 0 0/0 25:01 5:49 1:05
Fredrik Sjostrom 0 1 1 1 0 1 0 0 0 0 0/0 7:43 0:23 0:00
Greg Campbell 0 0 0 1 0 6 1 0 0 1 1/4 9:17 0:19 1:17
Jason Allison 0 0 0 -2 2 1 1 1 1 1 13/27 18:37 6:24 1:19
Jussi Jokinen 1 1 2 1 0 1 1 0 4 1 1/1 18:30 5:48 0:02
Kristian Huselius 0 1 1 1 2 1 1 0 0 0 0/0 13:17 0:00 0:00
Kyle Wellwood 2 0 2 1 0 4 0 0 0 1 1/4 17:37 5:13 0:00
Marek Zidlicky 0 0 0 0 0 0 1 0 0 0 0/0 17:19 6:45 0:20
Michal Rozsival 0 1 1 1 0 2 4 0 0 0 0/0 27:53 5:47 2:07
Mike Commodore 0 0 0 0 0 0 1 2 0 0 0/0 17:10 0:00 2:00
Miroslav Satan 1 0 1 1 0 1 0 1 0 0 0/0 7:18 0:00 0:00
Roman Hamrlik 0 0 0 0 0 1 0 1 0 0 0/0 8:09 0:00 0:00
Tuomo Ruutu 0 1 1 1 0 1 2 0 0 0 0/0 12:48 0:00 0:00
Players Stats for Devils
Player Name G A P +/- PIM S H SB GA TA FO MP PP MP PK MP
------------------------------------------------------------------------------------
Andrei Kostitsyn 0 0 0 -1 4 2 0 1 0 0 0/0 19:01 1:22 3:22
Andrei Markov 0 0 0 0 2 2 0 2 1 0 0/0 20:41 2:11 4:52
Ben Lovejoy 0 0 0 0 0 1 0 3 0 2 0/0 16:58 1:06 0:15
Brian Rafalski 0 0 0 1 0 4 0 0 1 2 0/0 23:43 1:29 0:49
Dustin Boyd 0 0 0 0 0 4 3 0 0 0 4/10 12:59 1:22 3:09
Guillaume Latendresse 0 1 1 1 2 3 0 0 0 0 0/0 13:24 2:16 0:14
Jason Williams 0 0 0 -1 0 0 0 0 0 1 2/3 12:34 0:00 2:46
Jeff Schultz 0 0 0 -2 0 0 0 1 0 0 0/0 14:44 0:00 5:55
Jonas Hoglund 0 0 0 -1 0 1 2 3 1 1 0/0 22:18 1:13 6:26
Kurtis Foster 0 0 0 -2 0 1 1 1 1 2 0/0 19:34 1:29 6:37
Ladislav Nagy 1 0 1 -1 0 2 0 1 0 0 0/0 9:13 0:00 0:00
Lee Stempniak 0 0 0 0 0 0 3 1 1 0 2/3 14:34 0:16 4:32
Mike Komisarek 0 2 2 1 5 3 1 1 0 0 0/0 24:19 1:05 6:36
Patrick Eaves 1 0 1 1 2 5 0 0 0 0 0/0 10:57 0:00 0:00
Phil Kessel 0 0 0 -1 0 0 2 0 0 0 0/0 11:41 2:13 0:00
Saku Koivu 0 0 0 -1 4 2 2 1 0 0 20/39 19:57 1:05 4:35
Stephen Weiss 0 0 0 1 0 3 1 0 0 0 8/13 11:51 1:13 0:00
Tomas Holmstrom 0 0 0 0 0 3 0 0 0 0 0/0 8:28 0:00 0:00
3 Stars
1 - Kyle Wellwood (Win)
2 - Jussi Jokinen (Win)
3 - Ilya Bryzgalov (Win)
Power Play
Jets - 1 on 7 Attempt(s) - 14,29%
Devils - 0 on 3 Attempt(s) - 0,00%
Penalty Kill
Jets - 3 on 3 Attempt(s) - 100,00%
- Score 0 goal in Penalty Kill
Devils - 6 on 7 Attempt(s) - 85,71%
- Score 0 goal in Penalty Kill
Official
Referees : Devorski Paul and Kowal Tom
Linesman : Tim Nowak and Brian Mach
Game Notes
Mike Komisarek and Eric Brewer fight to a draw at 9:12 of 3rd period
Finance
Level 1 -- Attendance: 5951 (99,18%) -- Ticket Income 505 835 $
Level 2 -- Attendance: 5000 (100,00%) -- Ticket Income 260 000 $
Level 3 -- Attendance: 2000 (100,00%) -- Ticket Income 56 000 $
Level 4 -- Attendance: 4000 (100,00%) -- Ticket Income 80 000 $
Luxury Box -- Attendance: 988 (98,80%) -- Ticket Income 167 960 $
Game was played at the The prudential Center
Total Attendance: 17939 (99,66%)
Total Ticket Income: 1 069 795 $
Other Income: 160 469 $
Total Income: 1 230 264 $
Jets
5 vs 5 Forward
Center Left Wing Right Wing Time % Phy DF OF
1 Derek Roy Jussi Jokinen Adam Burish 37 1 2 2
2 Jason Allison Benoit Pouliot Daniel Alfredsson 34 1 2 2
3 Kyle Wellwood Kristian Huselius Tuomo Ruutu 19 1 2 2
4 Greg Campbell Fredrik Sjostrom Miroslav Satan 10 1 2 2
5 vs 5 Defense
Defense Defense Time % Phy DF OF
1 Michal Rozsival Eric Brewer 40 2 2 1
2 Dmitri Kalinin Mike Commodore 30 2 2 1
3 Roman Hamrlik Marek Zidlicky 20 2 2 1
4 Marek Zidlicky Dmitri Kalinin 10 2 2 1
PowerPlay Forward
Center Left Wing Right Wing Time % Phy DF OF
1 Jason Allison Benoit Pouliot Daniel Alfredsson 60 0 0 5
2 Derek Roy Jussi Jokinen Kyle Wellwood 40 0 0 5
PowerPlay Defense
Defense Defense Time % Phy DF OF
1 Michal Rozsival Eric Brewer 50 0 1 4
2 Dmitri Kalinin Marek Zidlicky 50 0 1 4
Penalty Kill 4 Players Forward
Center Wing Time % Phy DF OF
1 Jason Allison Daniel Alfredsson 60 0 4 1
2 Greg Campbell Adam Burish 40 0 4 1
Penalty Kill 4 Players Defense
Defense Defense Time % Phy DF OF
1 Eric Brewer Mike Commodore 60 0 5 0
2 Michal Rozsival Dmitri Kalinin 40 0 5 0
Penalty Kill - 3 Players Forward
Forward Time % Phy DF OF
1 Daniel Alfredsson 60 0 5 0
2 Jason Allison 40 0 5 0
Penalty Kill - 3 Players Defense
Defense Defense Time % Phy DF OF
1 Mike Commodore Michal Rozsival 60 0 5 0
2 Eric Brewer Dmitri Kalinin 40 0 5 0
4 vs 4 Forward
Center Wing Time % Phy DF OF
1 Jason Allison Jussi Jokinen 60 1 2 2
2 Derek Roy Daniel Alfredsson 40 1 2 2
4 vs 4 Defense
Defense Defense Time % Phy DF OF
1 Michal Rozsival Eric Brewer 60 1 3 1
2 Marek Zidlicky Dmitri Kalinin 40 1 3 1
Last Minutes Offensive
Center Left Wing Right Wing Defense Defense
Jason Allison Benoit Pouliot Daniel Alfredsson Michal Rozsival Eric Brewer
Last Minutes Defensive
Center Left Wing Right Wing Defense Defense
Greg Campbell Daniel Alfredsson Adam Burish Eric Brewer Mike Commodore
Goaltenders
Starting : Ilya Bryzgalov
Backup : Maxime Daigneault
Extra Forwards
Normal : Jason Allison, Daniel Alfredsson, Jussi Jokinen - PP : Jason Allison, Daniel Alfredsson - PK : Daniel Alfredsson
Extra Defensemen
Normal : Mike Commodore, Michal Rozsival, Eric Brewer - PP : Michal Rozsival - PK : Dmitri Kalinin, Michal Rozsival
Penalty Shots
Adam Burish, Tuomo Ruutu, Daniel Alfredsson, Jason Allison, Derek Roy
Devils
5 vs 5 Forward
Center Left Wing Right Wing Time % Phy DF OF
1 Saku Koivu Andrei Kostitsyn Jonas Hoglund 40 0 2 3
2 Stephen Weiss Guillaume Latendresse Patrick Eaves 30 0 2 3
3 Dustin Boyd Tomas Holmstrom Lee Stempniak 20 0 2 3
4 Jason Williams Ladislav Nagy Phil Kessel 10 0 3 2
5 vs 5 Defense
Defense Defense Time % Phy DF OF
1 Mike Komisarek Brian Rafalski 40 0 3 2
2 Ben Lovejoy Andrei Markov 30 0 3 2
3 Jeff Schultz Kurtis Foster 20 0 3 2
4 Kurtis Foster Brian Rafalski 10 0 3 2
PowerPlay Forward
Center Left Wing Right Wing Time % Phy DF OF
1 Stephen Weiss Guillaume Latendresse Jonas Hoglund 60 0 1 4
2 Dustin Boyd Andrei Kostitsyn Phil Kessel 40 0 1 4
PowerPlay Defense
Defense Defense Time % Phy DF OF
1 Andrei Markov Ben Lovejoy 60 0 2 3
2 Brian Rafalski Kurtis Foster 40 0 2 3
Penalty Kill 4 Players Forward
Center Wing Time % Phy DF OF
1 Saku Koivu Jonas Hoglund 60 0 4 1
2 Jason Williams Lee Stempniak 40 0 4 1
Penalty Kill 4 Players Defense
Defense Defense Time % Phy DF OF
1 Kurtis Foster Mike Komisarek 60 0 4 1
2 Jeff Schultz Andrei Markov 40 0 4 1
Penalty Kill - 3 Players Forward
Forward Time % Phy DF OF
1 Saku Koivu 60 0 4 1
2 Jason Williams 40 0 4 1
Penalty Kill - 3 Players Defense
Defense Defense Time % Phy DF OF
1 Kurtis Foster Mike Komisarek 60 1 3 1
2 Jeff Schultz Andrei Markov 40 1 3 1
4 vs 4 Forward
Center Wing Time % Phy DF OF
1 Saku Koivu Guillaume Latendresse 60 0 2 3
2 Stephen Weiss Jonas Hoglund 40 0 2 3
4 vs 4 Defense
Defense Defense Time % Phy DF OF
1 Mike Komisarek Andrei Markov 60 0 2 3
2 Jeff Schultz Kurtis Foster 40 0 2 3
Last Minutes Offensive
Center Left Wing Right Wing Defense Defense
Stephen Weiss Guillaume Latendresse Jonas Hoglund Andrei Markov Ben Lovejoy
Last Minutes Defensive
Center Left Wing Right Wing Defense Defense
Saku Koivu Guillaume Latendresse Jonas Hoglund Mike Komisarek Jeff Schultz
Goaltenders
Starting : Dan Ellis
Backup : Jonathan Bernier
Extra Forwards
Normal : Lee Stempniak, Phil Kessel, Patrick Eaves - PP : Lee Stempniak, Patrick Eaves - PK : Lee Stempniak
Extra Defensemen
Normal : Ben Lovejoy, Jeff Schultz, Kurtis Foster - PP : Ben Lovejoy - PK : Kurtis Foster, Brian Rafalski
Penalty Shots
Stephen Weiss, Guillaume Latendresse, Saku Koivu, Ladislav Nagy, Tomas Holmstrom
% Time on Ice - Jets
Lines # - Real PCT - Wanted PCT - Time Play
Normal Forward
1 - 29% - 37% - 12:46
2 - 24% - 34% - 10:31
3 - 30% - 19% - 12:48
4 - 17% - 10% - 7:18
Normal Defense
1 - 46% - 40% - 20:01
2 - 30% - 30% - 12:51
3 - 19% - 20% - 8:09
4 - 5% - 10% - 2:22
PP Forward
1 - 54% - 60% - 6:44
2 - 46% - 40% - 5:48
PP Defense
1 - 46% - 50% - 5:47
2 - 54% - 50% - 6:45
PK Forward
1 - 83% - 60% - 3:02
2 - 17% - 40% - 0:38
PK Defense
1 - 72% - 60% - 2:39
2 - 28% - 40% - 1:01
PK3 Forward
1 - 0% - 60%
2 - 0% - 40%
PK3 Defense
1 - 0% - 60%
2 - 0% - 40%
44 Forward
1 - 100% - 60% - 0:25
2 - 0% - 40% - 0:00
44 Defense
1 - 4% - 60% - 0:01
2 - 96% - 40% - 0:24
Last Minute Offensive - 0:00
Last Minute Defensive - 0:00
Total
Forward - 60:00
Defense - 60:00
|
% Time on Ice - Devils
Lines # - Real PCT - Wanted PCT - Time Play
Normal Forward
1 - 34% - 40% - 14:51
2 - 25% - 30% - 10:51
3 - 20% - 20% - 8:28
4 - 21% - 10% - 9:13
Normal Defense
1 - 44% - 40% - 19:17
2 - 32% - 30% - 13:58
3 - 20% - 20% - 8:30
4 - 4% - 10% - 1:38
PP Forward
1 - 63% - 60% - 2:18
2 - 37% - 40% - 1:22
PP Defense
1 - 60% - 60% - 2:11
2 - 40% - 40% - 1:29
PK Forward
1 - 80% - 60% - 10:02
2 - 20% - 40% - 2:30
PK Defense
1 - 53% - 60% - 6:37
2 - 47% - 40% - 5:55
PK3 Forward
1 - 0% - 60%
2 - 0% - 40%
PK3 Defense
1 - 0% - 60%
2 - 0% - 40%
44 Forward
1 - 100% - 60% - 0:25
2 - 0% - 40% - 0:00
44 Defense
1 - 100% - 60% - 0:25
2 - 0% - 40% - 0:00
Last Minute Offensive - 0:00
Last Minute Defensive - 0:00
Total
Forward - 60:00
Defense - 60:00
|
Play by Play
1st period
0:01 of 1st period - Saku Koivu wins face-off versus Derek Roy in neutral zone.
0:50 of 1st period - Tuomo Ruutu is hit by Lee Stempniak and loses puck.
1:15 of 1st period - Snap shot by Phil Kessel.
1:15 of 1st period - Deflect By Ladislav Nagy.
1:15 of 1st period - Stopped by Ilya Bryzgalov without a rebound.
1:16 of 1st period - Saku Koivu wins face-off versus Derek Roy in Jets zone.
1:25 of 1st period - Snap shot by Andrei Kostitsyn.
1:25 of 1st period - Stopped by Ilya Bryzgalov without a rebound.
1:26 of 1st period - Derek Roy wins face-off versus Saku Koivu in Jets zone.
1:38 of 1st period - Icing by Andrei Kostitsyn.
1:39 of 1st period - Saku Koivu wins face-off versus Jason Allison in Devils zone.
1:55 of 1st period - Slapshot by Daniel Alfredsson.
1:55 of 1st period - Shot Blocked by Kurtis Foster.
2:25 of 1st period - Snap shot by Brian Rafalski.
2:25 of 1st period - Shot Misses the Net.
2:27 of 1st period - Slapshot by Brian Rafalski.
2:27 of 1st period - Shot Misses the Net.
2:29 of 1st period - Slapshot by Kurtis Foster.
2:29 of 1st period - Stopped by Ilya Bryzgalov with a rebound.
2:31 of 1st period - Wrist shot by Tomas Holmstrom.
2:31 of 1st period - Stopped by Ilya Bryzgalov with a rebound.
2:47 of 1st period - Slapshot by Michal Rozsival.
2:47 of 1st period - Deflect By Miroslav Satan.
2:47 of 1st period - Shot Blocked by Andrei Markov.
2:47 of 1st period - Puck is out of play.
2:48 of 1st period - Jason Williams wins face-off versus Greg Campbell in Devils zone.
2:57 of 1st period - Wrist shot by Phil Kessel.
2:57 of 1st period - Shot Misses the Net.
3:44 of 1st period - Wrist shot by Jason Allison.
3:44 of 1st period - Stopped by Dan Ellis with a rebound.
3:46 of 1st period - Slapshot by Mike Commodore.
3:46 of 1st period - Shot Blocked by Jonas Hoglund.
3:48 of 1st period - Snap shot by Daniel Alfredsson.
3:48 of 1st period - Shot Misses the Net.
3:58 of 1st period - Backhand shot by Benoit Pouliot.
3:58 of 1st period - Deflect By Ben Lovejoy.
3:58 of 1st period - Stopped by Dan Ellis with a rebound.
4:04 of 1st period - Slapshot by Daniel Alfredsson.
4:04 of 1st period - Shot Misses the Net.
4:06 of 1st period - Slapshot by Mike Commodore.
4:06 of 1st period - Shot Blocked by Andrei Markov.
4:08 of 1st period - Slapshot by Dmitri Kalinin.
4:08 of 1st period - Shot Blocked by Jonas Hoglund.
4:10 of 1st period - Backhand shot by Dmitri Kalinin.
4:10 of 1st period - Stopped by Dan Ellis with a rebound.
4:14 of 1st period - Snap shot by Daniel Alfredsson.
4:14 of 1st period - Shot Misses the Net.
4:16 of 1st period - Wrist shot by Daniel Alfredsson.
4:16 of 1st period - Deflect By Jason Allison.
4:16 of 1st period - Shot Misses the Net.
4:16 of 1st period - Puck is out of play.
4:17 of 1st period - Derek Roy wins face-off versus Stephen Weiss in Devils zone.
4:22 of 1st period - Snap shot by Adam Burish.
4:22 of 1st period - Stopped by Dan Ellis with a rebound.
4:24 of 1st period - Snap shot by Adam Burish.
4:24 of 1st period - Stopped by Dan Ellis with a rebound.
4:26 of 1st period - Backhand shot by Eric Brewer.
4:26 of 1st period - Stopped by Dan Ellis with a rebound.
4:38 of 1st period - Minor Penalty to Guillaume Latendresse for Holding Stick.
4:39 of 1st period - Saku Koivu wins face-off versus Derek Roy in Devils zone.
4:50 of 1st period - Mike Komisarek is hit by Jussi Jokinen and loses puck.
6:38 of 1st period - Penalty to Guillaume Latendresse is over, Guillaume Latendresse is back on ice.
6:48 of 1st period - Dmitri Kalinin is hit by Mike Komisarek and loses puck.
7:46 of 1st period - Saku Koivu is hit by Michal Rozsival and loses puck.
8:10 of 1st period - Ben Lovejoy is hit by Kristian Huselius and loses puck.
8:17 of 1st period - Tuomo Ruutu is hit by Phil Kessel and loses puck.
9:40 of 1st period - Adam Burish is hit by Kurtis Foster and loses puck.
9:48 of 1st period - Icing by Derek Roy.
9:49 of 1st period - Jason Allison wins face-off versus Stephen Weiss in Jets zone.
9:56 of 1st period - Snap shot by Benoit Pouliot.
9:56 of 1st period - Stopped by Dan Ellis with a rebound.
9:58 of 1st period - Slapshot by Roman Hamrlik.
9:58 of 1st period - Deflect By Andrei Markov.
9:58 of 1st period - Stopped by Dan Ellis without a rebound.
9:59 of 1st period - Saku Koivu wins face-off versus Jason Allison in Devils zone.
10:04 of 1st period - Snap shot by Jason Allison.
10:04 of 1st period - Shot Blocked by Saku Koivu.
10:25 of 1st period - Andrei Markov is hit by Eric Brewer and loses puck.
11:06 of 1st period - Wrist shot by Miroslav Satan.
11:06 of 1st period - Shot Misses the Net.
11:38 of 1st period - Slapshot by Mike Komisarek.
11:38 of 1st period - Shot Blocked by Derek Roy.
11:44 of 1st period - Wrist shot by Ladislav Nagy.
11:44 of 1st period - Goal by Ladislav Nagy - Jets : 0 - Devils : 1.
11:45 of 1st period - Saku Koivu wins face-off versus Derek Roy in neutral zone.
11:47 of 1st period - Off-side.
11:48 of 1st period - Saku Koivu wins face-off versus Derek Roy in neutral zone.
11:57 of 1st period - Snap shot by Andrei Kostitsyn.
11:57 of 1st period - Shot Misses the Net.
11:59 of 1st period - Slapshot by Kurtis Foster.
11:59 of 1st period - Shot Misses the Net.
12:01 of 1st period - Slapshot by Jonas Hoglund.
12:01 of 1st period - Shot Blocked by Eric Brewer.
12:17 of 1st period - Wrist shot by Stephen Weiss.
12:17 of 1st period - Deflect By Patrick Eaves.
12:17 of 1st period - Shot Misses the Net.
12:17 of 1st period - Puck is out of play.
12:18 of 1st period - Jason Allison wins face-off versus Dustin Boyd in Jets zone.
12:32 of 1st period - Slapshot by Benoit Pouliot.
12:32 of 1st period - Stopped by Dan Ellis without a rebound.
12:33 of 1st period - Derek Roy wins face-off versus Saku Koivu in Devils zone.
13:08 of 1st period - Snap shot by Stephen Weiss.
13:08 of 1st period - Shot Blocked by Eric Brewer.
13:43 of 1st period - Slapshot by Marek Zidlicky.
13:43 of 1st period - Shot Misses the Net.
13:45 of 1st period - Snap shot by Miroslav Satan.
13:45 of 1st period - Shot Blocked by Jeff Schultz.
13:47 of 1st period - Slapshot by Greg Campbell.
13:47 of 1st period - Stopped by Dan Ellis with a rebound.
13:49 of 1st period - Snap shot by Greg Campbell.
13:49 of 1st period - Stopped by Dan Ellis without a rebound.
13:50 of 1st period - Saku Koivu wins face-off versus Derek Roy in Devils zone.
15:06 of 1st period - Marek Zidlicky is hit by Jonas Hoglund and loses puck.
15:21 of 1st period - Brian Rafalski is hit by Marek Zidlicky and loses puck.
15:28 of 1st period - Slapshot by Brian Rafalski.
15:28 of 1st period - Shot Misses the Net.
16:01 of 1st period - Snap shot by Guillaume Latendresse.
16:01 of 1st period - Stopped by Ilya Bryzgalov without a rebound.
16:02 of 1st period - Jussi Jokinen wins face-off versus Stephen Weiss in Jets zone.
16:02 of 1st period - Jussi Jokinen is hit by Stephen Weiss.
16:07 of 1st period - Minor Penalty to Andrei Markov for Cross-checking.
16:08 of 1st period - Saku Koivu wins face-off versus Jason Allison in Devils zone.
17:18 of 1st period - Benoit Pouliot is hit by Lee Stempniak and loses puck.
18:07 of 1st period - Penalty to Andrei Markov is over, Andrei Markov is back on ice.
18:15 of 1st period - Slapshot by Patrick Eaves.
18:15 of 1st period - Stopped by Ilya Bryzgalov with a rebound.
18:17 of 1st period - Wrist shot by Stephen Weiss.
18:17 of 1st period - Stopped by Ilya Bryzgalov with a rebound.
18:19 of 1st period - Slapshot by Jeff Schultz.
18:19 of 1st period - Shot Blocked by Miroslav Satan.
18:21 of 1st period - Slapshot by Jeff Schultz.
18:21 of 1st period - Deflect By Patrick Eaves.
18:21 of 1st period - Stopped by Ilya Bryzgalov without a rebound.
18:22 of 1st period - Stephen Weiss wins face-off versus Greg Campbell in Jets zone.
18:27 of 1st period - Wrist shot by Guillaume Latendresse.
18:27 of 1st period - Shot Blocked by Eric Brewer.
18:29 of 1st period - Slapshot by Brian Rafalski.
18:29 of 1st period - Deflect By Patrick Eaves.
18:29 of 1st period - Stopped by Ilya Bryzgalov with a rebound.
18:31 of 1st period - Slapshot by Mike Komisarek.
18:31 of 1st period - Deflect By Eric Brewer.
18:31 of 1st period - Stopped by Ilya Bryzgalov with a rebound.
18:33 of 1st period - Slapshot by Mike Komisarek.
18:33 of 1st period - Shot Misses the Net.
18:35 of 1st period - Slapshot by Mike Komisarek.
18:35 of 1st period - Stopped by Ilya Bryzgalov without a rebound.
18:36 of 1st period - Jason Allison wins face-off versus Saku Koivu in Jets zone.
19:03 of 1st period - Guillaume Latendresse is hit by Derek Roy and loses puck.
19:32 of 1st period - Wrist shot by Tuomo Ruutu.
19:32 of 1st period - Stopped by Dan Ellis with a rebound.
Goals for this period are 0 for Jets vs 1 for Devils.
Shots for this period are 12 for Jets vs 12 for Devils.
2nd period
0:01 of 2nd period - Saku Koivu wins face-off versus Derek Roy in neutral zone.
0:04 of 2nd period - Snap shot by Brian Rafalski.
0:04 of 2nd period - Stopped by Ilya Bryzgalov with a rebound.
0:10 of 2nd period - Slapshot by Michal Rozsival.
0:10 of 2nd period - Shot Blocked by Jonas Hoglund.
0:12 of 2nd period - Snap shot by Adam Burish.
0:12 of 2nd period - Deflect By Derek Roy.
0:12 of 2nd period - Stopped by Dan Ellis with a rebound.
0:33 of 2nd period - Wrist shot by Patrick Eaves.
0:33 of 2nd period - Shot Misses the Net.
0:35 of 2nd period - Slapshot by Patrick Eaves.
0:35 of 2nd period - Goal by Patrick Eaves - Jets : 0 - Devils : 2.
0:36 of 2nd period - Derek Roy wins face-off versus Saku Koivu in neutral zone.
1:26 of 2nd period - Slapshot by Lee Stempniak.
1:26 of 2nd period - Shot Blocked by Mike Commodore.
1:28 of 2nd period - Snap shot by Lee Stempniak.
1:28 of 2nd period - Deflect By Tomas Holmstrom.
1:28 of 2nd period - Stopped by Ilya Bryzgalov with a rebound.
1:30 of 2nd period - Slapshot by Mike Komisarek.
1:30 of 2nd period - Shot Misses the Net.
1:32 of 2nd period - Wrist shot by Brian Rafalski.
1:32 of 2nd period - Stopped by Ilya Bryzgalov with a rebound.
1:34 of 2nd period - Slapshot by Brian Rafalski.
1:34 of 2nd period - Stopped by Ilya Bryzgalov with a rebound.
2:06 of 2nd period - Off-side.
2:07 of 2nd period - Derek Roy wins face-off versus Saku Koivu in neutral zone.
2:16 of 2nd period - Snap shot by Adam Burish.
2:16 of 2nd period - Shot Blocked by Andrei Kostitsyn.
2:18 of 2nd period - Slapshot by Michal Rozsival.
2:18 of 2nd period - Stopped by Dan Ellis with a rebound.
2:20 of 2nd period - Wrist shot by Adam Burish.
2:20 of 2nd period - Stopped by Dan Ellis with a rebound.
3:12 of 2nd period - Off-side.
3:13 of 2nd period - Saku Koivu wins face-off versus Kyle Wellwood in neutral zone.
3:26 of 2nd period - Snap shot by Saku Koivu.
3:26 of 2nd period - Deflect By Kyle Wellwood.
3:26 of 2nd period - Stopped by Ilya Bryzgalov with a rebound.
3:28 of 2nd period - Snap shot by Jonas Hoglund.
3:28 of 2nd period - Stopped by Ilya Bryzgalov without a rebound.
3:29 of 2nd period - Stephen Weiss wins face-off versus Derek Roy in Jets zone.
4:26 of 2nd period - Kyle Wellwood is hit by Lee Stempniak and loses puck.
4:47 of 2nd period - Wrist shot by Greg Campbell.
4:47 of 2nd period - Stopped by Dan Ellis without a rebound.
4:48 of 2nd period - Adam Burish wins face-off versus Saku Koivu in Devils zone.
4:55 of 2nd period - Snap shot by Adam Burish.
4:55 of 2nd period - Shot Misses the Net.
5:36 of 2nd period - Slapshot by Stephen Weiss.
5:36 of 2nd period - Shot Misses the Net.
5:39 of 2nd period - Icing by Tuomo Ruutu.
5:40 of 2nd period - Jason Williams wins face-off versus Kyle Wellwood in Jets zone.
5:41 of 2nd period - Wrist shot by Ladislav Nagy.
5:41 of 2nd period - Shot Blocked by Mike Commodore.
6:25 of 2nd period - Snap shot by Tuomo Ruutu.
6:25 of 2nd period - Shot Misses the Net.
6:29 of 2nd period - Wrist shot by Kristian Huselius.
6:29 of 2nd period - Stopped by Dan Ellis with a rebound.
6:31 of 2nd period - Snap shot by Kyle Wellwood.
6:31 of 2nd period - Shot Blocked by Mike Komisarek.
7:09 of 2nd period - Mike Komisarek is hit by Mike Commodore.
7:23 of 2nd period - Snap shot by Kyle Wellwood.
7:23 of 2nd period - Shot Misses the Net.
7:43 of 2nd period - Snap shot by Kristian Huselius.
7:43 of 2nd period - Shot Misses the Net.
7:53 of 2nd period - Wrist shot by Kristian Huselius.
7:53 of 2nd period - Shot Misses the Net.
7:57 of 2nd period - Wrist shot by Tuomo Ruutu.
7:57 of 2nd period - Shot Misses the Net.
8:13 of 2nd period - Slapshot by Dmitri Kalinin.
8:13 of 2nd period - Shot Misses the Net.
8:21 of 2nd period - Wrist shot by Kyle Wellwood.
8:21 of 2nd period - Shot Blocked by Ladislav Nagy.
9:25 of 2nd period - Wrist shot by Kristian Huselius.
9:25 of 2nd period - Shot Misses the Net.
9:27 of 2nd period - Wrist shot by Kyle Wellwood.
9:27 of 2nd period - Goal by Kyle Wellwood - Jets : 1 - Devils : 2.
9:28 of 2nd period - Derek Roy wins face-off versus Saku Koivu in neutral zone.
9:35 of 2nd period - Off-side.
9:36 of 2nd period - Derek Roy wins face-off versus Saku Koivu in neutral zone.
10:17 of 2nd period - Saku Koivu is hit by Adam Burish and loses puck.
10:26 of 2nd period - Snap shot by Adam Burish.
10:26 of 2nd period - Stopped by Dan Ellis with a rebound.
10:28 of 2nd period - Wrist shot by Jussi Jokinen.
10:28 of 2nd period - Goal by Jussi Jokinen - Jets : 2 - Devils : 2.
10:29 of 2nd period - Stephen Weiss wins face-off versus Jason Allison in neutral zone.
10:40 of 2nd period - Slapshot by Stephen Weiss.
10:40 of 2nd period - Stopped by Ilya Bryzgalov with a rebound.
10:42 of 2nd period - Snap shot by Patrick Eaves.
10:42 of 2nd period - Shot Blocked by Roman Hamrlik.
10:44 of 2nd period - Slapshot by Andrei Markov.
10:44 of 2nd period - Stopped by Ilya Bryzgalov without a rebound.
10:45 of 2nd period - Derek Roy wins face-off versus Saku Koivu in Jets zone.
10:45 of 2nd period - Derek Roy is hit by Jonas Hoglund.
10:53 of 2nd period - Wrist shot by Derek Roy.
10:53 of 2nd period - Shot Misses the Net.
10:57 of 2nd period - Wrist shot by Adam Burish.
10:57 of 2nd period - Shot Blocked by Ben Lovejoy.
10:59 of 2nd period - Slapshot by Eric Brewer.
10:59 of 2nd period - Stopped by Dan Ellis without a rebound.
11:00 of 2nd period - Stephen Weiss wins face-off versus Jason Allison in Devils zone.
11:02 of 2nd period - Minor Penalty to Patrick Eaves for Hooking.
11:03 of 2nd period - Saku Koivu wins face-off versus Jason Allison in Devils zone.
12:52 of 2nd period - Jonas Hoglund is hit by Adam Burish and loses puck.
13:02 of 2nd period - Penalty to Patrick Eaves is over, Patrick Eaves is back on ice.
13:13 of 2nd period - Kurtis Foster is hit by Greg Campbell and loses puck.
13:35 of 2nd period - Icing by Lee Stempniak.
13:36 of 2nd period - Stephen Weiss wins face-off versus Kyle Wellwood in Devils zone.
13:57 of 2nd period - Snap shot by Fredrik Sjostrom.
13:57 of 2nd period - Shot Misses the Net.
13:59 of 2nd period - Slapshot by Marek Zidlicky.
13:59 of 2nd period - Shot Hit the Post.
14:01 of 2nd period - Snap shot by Miroslav Satan.
14:01 of 2nd period - Shot Misses the Net.
14:03 of 2nd period - Snap shot by Marek Zidlicky.
14:03 of 2nd period - Deflect By Greg Campbell.
14:03 of 2nd period - Stopped by Dan Ellis without a rebound.
14:04 of 2nd period - Jason Allison wins face-off versus Dustin Boyd in Devils zone.
14:55 of 2nd period - Snap shot by Greg Campbell.
14:55 of 2nd period - Stopped by Dan Ellis with a rebound.
14:57 of 2nd period - Slapshot by Dmitri Kalinin.
14:57 of 2nd period - Shot Misses the Net.
15:11 of 2nd period - Backhand shot by Brian Rafalski.
15:11 of 2nd period - Stopped by Ilya Bryzgalov without a rebound.
15:12 of 2nd period - Jason Allison wins face-off versus Jason Williams in Jets zone.
15:12 of 2nd period - Jason Allison is hit by Phil Kessel.
15:35 of 2nd period - Minor Penalty to Saku Koivu for Roughing.
15:36 of 2nd period - Jason Allison wins face-off versus Lee Stempniak in Devils zone.
16:56 of 2nd period - Dustin Boyd is hit by Jason Allison and loses puck.
17:09 of 2nd period - Minor Penalty to Jason Allison for Interference.
17:10 of 2nd period - Lee Stempniak wins face-off versus Daniel Alfredsson in Jets zone.
17:35 of 2nd period - Penalty to Saku Koivu is over, Saku Koivu is back on ice.
18:13 of 2nd period - Wrist shot by Guillaume Latendresse.
18:13 of 2nd period - Shot Misses the Net.
18:27 of 2nd period - Wrist shot by Saku Koivu.
18:27 of 2nd period - Shot Misses the Net.
18:39 of 2nd period - Snap shot by Saku Koivu.
18:39 of 2nd period - Deflect By Guillaume Latendresse.
18:39 of 2nd period - Shot Misses the Net.
18:39 of 2nd period - Puck is out of play.
18:40 of 2nd period - Dustin Boyd wins face-off versus Greg Campbell in Jets zone.
18:51 of 2nd period - Wrist shot by Dustin Boyd.
18:51 of 2nd period - Stopped by Ilya Bryzgalov with a rebound.
18:53 of 2nd period - Slapshot by Kurtis Foster.
18:53 of 2nd period - Deflect By Lee Stempniak.
18:53 of 2nd period - Shot Misses the Net.
18:53 of 2nd period - Puck is out of play.
18:54 of 2nd period - Derek Roy wins face-off versus Dustin Boyd in Jets zone.
19:09 of 2nd period - Penalty to Jason Allison is over, Jason Allison is back on ice.
19:13 of 2nd period - Lee Stempniak is hit by Michal Rozsival and loses puck.
19:26 of 2nd period - Snap shot by Kyle Wellwood.
19:26 of 2nd period - Shot Blocked by Lee Stempniak.
19:50 of 2nd period - Slapshot by Greg Campbell.
19:50 of 2nd period - Stopped by Dan Ellis without a rebound.
19:51 of 2nd period - Saku Koivu wins face-off versus Jason Allison in Devils zone.
19:56 of 2nd period - Snap shot by Andrei Kostitsyn.
19:56 of 2nd period - Stopped by Ilya Bryzgalov without a rebound.
19:57 of 2nd period - Derek Roy wins face-off versus Dustin Boyd in Jets zone.
19:57 of 2nd period - Derek Roy is hit by Dustin Boyd.
Goals for this period are 2 for Jets vs 1 for Devils.
Shots for this period are 12 for Jets vs 12 for Devils.
3rd period
0:01 of 3rd period - Saku Koivu wins face-off versus Derek Roy in neutral zone.
0:05 of 3rd period - Off-side.
0:06 of 3rd period - Saku Koivu wins face-off versus Derek Roy in neutral zone.
0:21 of 3rd period - Wrist shot by Andrei Kostitsyn.
0:21 of 3rd period - Shot Misses the Net.
0:22 of 3rd period - Double Minor Penalty to Andrei Kostitsyn for Roughing.
0:23 of 3rd period - Jason Allison wins face-off versus Saku Koivu in Devils zone.
1:21 of 3rd period - Saku Koivu is hit by Michal Rozsival and loses puck.
2:03 of 3rd period - Icing by Derek Roy.
2:04 of 3rd period - Dustin Boyd wins face-off versus Derek Roy in Jets zone.
2:05 of 3rd period - Snap shot by Guillaume Latendresse.
2:05 of 3rd period - Deflect By Dustin Boyd.
2:05 of 3rd period - Stopped by Ilya Bryzgalov without a rebound.
2:06 of 3rd period - Jason Allison wins face-off versus Dustin Boyd in Jets zone.
2:11 of 3rd period - Slapshot by Dmitri Kalinin.
2:11 of 3rd period - Stopped by Dan Ellis without a rebound.
2:12 of 3rd period - Benoit Pouliot wins face-off versus Saku Koivu in Devils zone.
2:39 of 3rd period - Andrei Markov is hit by Derek Roy and loses puck.
2:44 of 3rd period - Wrist shot by Kyle Wellwood.
2:44 of 3rd period - Stopped by Dan Ellis without a rebound.
2:45 of 3rd period - Saku Koivu wins face-off versus Jason Allison in Devils zone.
3:14 of 3rd period - Off-side.
3:15 of 3rd period - Derek Roy wins face-off versus Saku Koivu in neutral zone.
3:22 of 3rd period - Slapshot by Kyle Wellwood.
3:22 of 3rd period - Stopped by Dan Ellis with a rebound.
3:24 of 3rd period - Wrist shot by Kyle Wellwood.
3:24 of 3rd period - Goal by Kyle Wellwood - Jets : 3 - Devils : 2.
3:25 of 3rd period - Saku Koivu wins face-off versus Jason Allison in neutral zone.
4:46 of 3rd period - Minor Penalty to Saku Koivu for Hooking.
4:47 of 3rd period - Lee Stempniak wins face-off versus Jason Allison in Devils zone.
6:46 of 3rd period - Penalty to Saku Koivu is over, Saku Koivu is back on ice.
7:36 of 3rd period - Icing by Tuomo Ruutu.
7:37 of 3rd period - Dustin Boyd wins face-off versus Jason Allison in Jets zone.
7:40 of 3rd period - Wrist shot by Dustin Boyd.
7:40 of 3rd period - Shot Misses the Net.
7:48 of 3rd period - Wrist shot by Tomas Holmstrom.
7:48 of 3rd period - Stopped by Ilya Bryzgalov without a rebound.
7:49 of 3rd period - Derek Roy wins face-off versus Saku Koivu in Jets zone.
7:49 of 3rd period - Derek Roy is hit by Saku Koivu.
8:20 of 3rd period - Jonas Hoglund is hit by Tuomo Ruutu and loses puck.
8:31 of 3rd period - Wrist shot by Jonas Hoglund.
8:31 of 3rd period - Shot Misses the Net.
8:39 of 3rd period - Wrist shot by Saku Koivu.
8:39 of 3rd period - Stopped by Ilya Bryzgalov without a rebound.
8:40 of 3rd period - Stephen Weiss wins face-off versus Derek Roy in Jets zone.
8:41 of 3rd period - Wrist shot by Guillaume Latendresse.
8:41 of 3rd period - Stopped by Ilya Bryzgalov with a rebound.
8:43 of 3rd period - Snap shot by Guillaume Latendresse.
8:43 of 3rd period - Shot Misses the Net.
8:45 of 3rd period - Wrist shot by Patrick Eaves.
8:45 of 3rd period - Stopped by Ilya Bryzgalov with a rebound.
8:47 of 3rd period - Slapshot by Mike Komisarek.
8:47 of 3rd period - Stopped by Ilya Bryzgalov without a rebound.
8:48 of 3rd period - Stephen Weiss wins face-off versus Derek Roy in Jets zone.
9:02 of 3rd period - Snap shot by Stephen Weiss.
9:02 of 3rd period - Stopped by Ilya Bryzgalov without a rebound.
9:03 of 3rd period - Jason Allison wins face-off versus Saku Koivu in Jets zone.
9:07 of 3rd period - Icing by Michal Rozsival.
9:08 of 3rd period - Jason Allison wins face-off versus Saku Koivu in Jets zone.
9:12 of 3rd period - Mike Komisarek and Eric Brewer fight to a draw.
9:12 of 3rd period - Penalty to Mike Komisarek for Fighting.
9:12 of 3rd period - Penalty to Eric Brewer for Fighting.
9:13 of 3rd period - Saku Koivu wins face-off versus Derek Roy in Devils zone.
9:20 of 3rd period - Snap shot by Jussi Jokinen.
9:20 of 3rd period - Shot Misses the Net.
9:22 of 3rd period - Snap shot by Adam Burish.
9:22 of 3rd period - Stopped by Dan Ellis without a rebound.
9:23 of 3rd period - Derek Roy wins face-off versus Saku Koivu in Devils zone.
9:50 of 3rd period - Wrist shot by Adam Burish.
9:50 of 3rd period - Stopped by Dan Ellis with a rebound.
9:52 of 3rd period - Slapshot by Michal Rozsival.
9:52 of 3rd period - Shot Blocked by Ben Lovejoy.
9:54 of 3rd period - Slapshot by Michal Rozsival.
9:54 of 3rd period - Stopped by Dan Ellis with a rebound.
9:56 of 3rd period - Snap shot by Adam Burish.
9:56 of 3rd period - Stopped by Dan Ellis without a rebound.
9:57 of 3rd period - Jason Allison wins face-off versus Stephen Weiss in Devils zone.
10:50 of 3rd period - Wrist shot by Guillaume Latendresse.
10:50 of 3rd period - Stopped by Ilya Bryzgalov with a rebound.
10:52 of 3rd period - Slapshot by Andrei Markov.
10:52 of 3rd period - Stopped by Ilya Bryzgalov without a rebound.
10:53 of 3rd period - Saku Koivu wins face-off versus Jason Allison in Jets zone.
10:54 of 3rd period - Snap shot by Andrei Kostitsyn.
10:54 of 3rd period - Shot Misses the Net.
10:56 of 3rd period - Slapshot by Brian Rafalski.
10:56 of 3rd period - Deflect By Jonas Hoglund.
10:56 of 3rd period - Shot Blocked by Jason Allison.
10:56 of 3rd period - Puck is out of play.
10:57 of 3rd period - Jason Allison wins face-off versus Saku Koivu in Jets zone.
11:06 of 3rd period - Wrist shot by Daniel Alfredsson.
11:06 of 3rd period - Stopped by Dan Ellis with a rebound.
11:08 of 3rd period - Wrist shot by Daniel Alfredsson.
11:08 of 3rd period - Stopped by Dan Ellis with a rebound.
11:10 of 3rd period - Snap shot by Jason Allison.
11:10 of 3rd period - Deflect By Benoit Pouliot.
11:10 of 3rd period - Shot Misses the Net.
11:10 of 3rd period - Puck is out of play.
11:11 of 3rd period - Saku Koivu wins face-off versus Derek Roy in Devils zone.
11:58 of 3rd period - Slapshot by Brian Rafalski.
11:58 of 3rd period - Shot Blocked by Dmitri Kalinin.
12:03 of 3rd period - Minor Penalty to Kristian Huselius for Goalie Interference.
12:04 of 3rd period - Jason Allison wins face-off versus Stephen Weiss in Jets zone.
12:41 of 3rd period - Michal Rozsival is hit by Dustin Boyd and loses puck.
13:32 of 3rd period - Wrist shot by Greg Campbell.
13:32 of 3rd period - Deflect By Adam Burish.
13:32 of 3rd period - Stopped by Dan Ellis without a rebound.
13:33 of 3rd period - Dustin Boyd wins face-off versus Jason Allison in Devils zone.
13:46 of 3rd period - Guillaume Latendresse is hit by Michal Rozsival and loses puck.
14:03 of 3rd period - Penalty to Kristian Huselius is over, Kristian Huselius is back on ice.
15:19 of 3rd period - Off-side.
15:20 of 3rd period - Greg Campbell wins face-off versus Saku Koivu in neutral zone.
15:23 of 3rd period - Snap shot by Fredrik Sjostrom.
15:23 of 3rd period - Shot Misses the Net.
15:48 of 3rd period - Lee Stempniak is hit by Tuomo Ruutu.
16:42 of 3rd period - Wrist shot by Fredrik Sjostrom.
16:42 of 3rd period - Stopped by Dan Ellis with a rebound.
16:48 of 3rd period - Wrist shot by Miroslav Satan.
16:48 of 3rd period - Shot Misses the Net.
16:50 of 3rd period - Snap shot by Miroslav Satan.
16:50 of 3rd period - Goal by Miroslav Satan - Jets : 4 - Devils : 2.
16:51 of 3rd period - Derek Roy wins face-off versus Dustin Boyd in neutral zone.
17:07 of 3rd period - Snap shot by Jussi Jokinen.
17:07 of 3rd period - Shot Blocked by Ben Lovejoy.
17:31 of 3rd period - Slapshot by Dustin Boyd.
17:31 of 3rd period - Stopped by Ilya Bryzgalov with a rebound.
17:37 of 3rd period - Snap shot by Dustin Boyd.
17:37 of 3rd period - Stopped by Ilya Bryzgalov with a rebound.
17:39 of 3rd period - Slapshot by Andrei Markov.
17:39 of 3rd period - Shot Misses the Net.
17:41 of 3rd period - Slapshot by Ben Lovejoy.
17:41 of 3rd period - Stopped by Ilya Bryzgalov with a rebound.
17:56 of 3rd period - Eric Brewer is hit by Dustin Boyd and loses puck.
18:47 of 3rd period - Icing by Michal Rozsival.
18:48 of 3rd period - Kyle Wellwood wins face-off versus Saku Koivu in Jets zone.
18:48 of 3rd period - Kyle Wellwood is hit by Saku Koivu.
19:30 of 3rd period - Saku Koivu is hit by Eric Brewer and loses puck.
19:52 of 3rd period - Minor Penalty to Daniel Alfredsson for Holding.
19:53 of 3rd period - Stephen Weiss wins face-off versus Jason Allison in Jets zone.
Goals for this period are 2 for Jets vs 0 for Devils.
Shots for this period are 13 for Jets vs 12 for Devils.
Output by the SimonT Hockey Simulator (STHS) for François Prévost -- Original Page W3C XHTML 1.0 Valid